AoeStats
← fatcat15513

Arena

509842751Analyzed
4v4 RM · 3d ago on Sep 28, 2026· 46m 27s· 8 players
Game mode
Random Map
Map size
Large (8 player)
Population
200
Speed
Normal
Resources
Standard
Victory
Conquest
Starting age
Dark Age
Ending age
Imperial Age
RankedLock teamsTeams togetherTeam positionsShared explorationLock speedFull tech treeHidden civsTurbo modeCheats
Victory
Defeat
🇦🇺 Ethiopians · Australia
1273
+14
🇦🇺 Huns · Australia
1252
+14
🇳🇱 Burmese · Netherlands
1214
+16
🇯🇵 Japanese · Japan
1150
+19
🇹🇼 Saxons · Taiwan
1225
-16
🇨🇳 Mapuche · China
1219
-16
🇹🇼 Franks · Taiwan
1218
-16
🇹🇼 Bulgarians · Taiwan
1199
-15
Mazus
11:04 Feudal Age
12:33 Wheelbarrow
12:14 Loom
16:11 Castle Age
15:37 Double-Bit Axe
16:14 Loom
19:27 Loom
19:57 Bow Saw
19:31 Horse Collar
23:28 Forging
25:41 Hand Cart
25:58 Squires
26:58 Heavy Plow
27:34 Gold Mining
31:23 Imperial Age
29:09 Bloodlines
29:32 Fervor
29:09 Gambesons
29:10 Arson
29:28 Husbandry
29:44 Town Watch
30:37 Iron Casting
31:44 Gold Shaft Mining
31:00 Stone Mining
31:18 Pikeman
31:41 Capped Ram
32:12 Elite Konnik
33:48 Conscription
33:24 Stirrups
34:14 Siege Ram
35:16 Scale Mail Armor
36:17 Blast Furnace
37:43 Halberdier
43:36 Masonry
44:02 Heavy Scorpion
fatcat15513
10:44 Feudal Age
12:13 Double-Bit Axe
14:51 Castle Age
14:49 Wheelbarrow
15:49 Bow Saw
20:40 Loom
24:47 Gold Mining
28:04 Imperial Age
25:22 Town Watch
25:56 Hand Cart
26:15 Scale Barding Armor
26:20 Forging
26:10 Town Watch
27:03 Chain Barding Armor
27:27 Husbandry
28:16 Iron Casting
28:55 Stone Mining
29:40 Gold Shaft Mining
28:43 Cavalier
30:33 Light Cavalry
31:39 Pikeman
32:20 Squires
32:05 Arson
34:11 Fortified Wall
33:42 Treadmill Crane
34:23 Ballistics
34:08 Halberdier
35:16 Scale Mail Armor
35:51 Plate Barding Armor
36:17 Blast Furnace
37:01 Paladin
39:18 Gambesons
38:54 Man-at-Arms
40:10 Town Patrol
40:44 Long Swordsman
42:55 Conscription
42:29 Fletching
43:01 Two-Handed Swordsman
肥肥猫
10:53 Feudal Age
14:39 Castle Age
12:36 Double-Bit Axe
12:35 Horse Collar
15:23 Fletching
16:09 Bow Saw
28:08 Loom
33:41 Heavy Plow
36:24 Gold Mining
37:43 Wheelbarrow
40:46 Imperial Age
39:05 Forging
41:42 Iron Casting
42:29 Crop Rotation
41:50 Stone Mining
43:20 Hand Cart
42:40 Elite Kona
44:40 Gold Shaft Mining
44:40 Stone Shaft Mining
46:12 Blast Furnace
LocalMomsHelper
10:23 Feudal Age
12:02 Double-Bit Axe
14:18 Castle Age
12:16 Horse Collar
17:20 Fletching
17:58 Town Watch
21:33 Bow Saw
24:47 Wheelbarrow
29:55 Imperial Age
27:42 Hand Cart
27:47 Bodkin Arrow
27:53 Padded Archer Armor
28:31 Ballistics
27:54 Treadmill Crane
28:35 Ballistics
28:05 Guard Tower
28:08 Crossbowman
28:53 Thumb Ring
29:18 Leather Archer Armor
29:07 Gold Mining
29:09 Stone Mining
29:06 Loom
30:12 Arbalester
31:36 Bracer
34:18 Keep
33:28 Arrowslits
40:16 Masonry
41:07 Chemistry
42:12 Architecture
41:48 Siege Engineers
42:13 Elite Skirmisher
44:32 Pikeman
45:12 Squires
KJI
9:31 Feudal Age
13:49 Castle Age
11:44 Loom
12:21 Stone Mining
17:29 Horse Collar
18:59 Stone Mining
20:30 Double-Bit Axe
20:46 Heavy Plow
23:28 Wheelbarrow
23:55 Bow Saw
29:12 Imperial Age
26:50 Pikeman
27:17 Pikeman
28:59 Gold Mining
29:00 Stone Mining
30:14 Scale Mail Armor
30:24 Forging
30:24 Fletching
32:45 Halberdier
35:19 Two-Man Saw
34:44 Squires
37:20 Hand Cart
39:01 Chain Mail Armor
38:42 Bodkin Arrow
38:47 Padded Archer Armor
40:01 Conscription
39:29 Elite Skirmisher
40:40 Bracer
41:40 Leather Archer Armor
43:54 Guard Tower
43:49 Arrowslits
44:25 Ballistics
45:06 Chemistry
45:23 Yasama
Deathiscoming
9:00 Feudal Age
10:26 Wheelbarrow
16:24 Castle Age
14:57 Horse Collar
19:24 Fervor
20:51 Heavy Plow
24:54 Hand Cart
24:35 Gold Mining
24:37 Stone Mining
26:21 Sanctity
26:09 Town Watch
26:12 Loom
28:27 Padded Archer Armor
28:41 Scale Barding Armor
31:14 Imperial Age
29:09 Ballistics
28:30 Treadmill Crane
29:02 Masonry
29:38 Gold Shaft Mining
29:42 Redemption
29:33 Devotion
30:32 Fortified Wall
30:49 Bloodlines
30:58 Squires
31:20 Chain Barding Armor
31:11 Forging
32:01 Howdah
32:21 Conscription
32:43 Block Printing
34:28 Plate Barding Armor
34:30 Iron Casting
34:37 Theocracy
34:27 Illumination
35:44 Chemistry
35:00 Elite Battle Elephant
36:50 Crop Rotation
36:30 Manipur Cavalry
37:14 Husbandry
38:04 Parthian Tactics
39:01 Elite Arambai
40:45 Pikeman
40:47 Man-at-Arms
41:53 Long Swordsman
43:39 Blast Furnace
42:36 Fletching
42:48 Scale Mail Armor
42:29 Two-Handed Swordsman
43:12 Champion
45:16 Chain Mail Armor
46:30 Plate Mail Armor
mukBUBBA
11:15 Feudal Age
15:50 Castle Age
16:00 Double-Bit Axe
15:58 Horse Collar
18:56 Heavy Plow
19:58 Wheelbarrow
22:24 Bow Saw
24:51 Gold Mining
24:54 Stone Mining
28:52 Imperial Age
27:43 Scale Barding Armor
27:49 Forging
28:34 Bloodlines
28:25 Husbandry
28:53 Chain Barding Armor
29:16 Marauders
29:56 Iron Casting
29:16 Elite Tarkan
31:47 Plate Barding Armor
33:54 Guilds
37:04 Gold Shaft Mining
38:30 Blast Furnace
37:53 Conscription
putinonaritz
10:45 Feudal Age
15:13 Castle Age
27:25 Double-Bit Axe
28:20 Wheelbarrow
29:25 Fletching
33:03 Bodkin Arrow
33:09 Padded Archer Armor
32:34 Crossbowman
34:20 Thumb Ring
35:01 Ballistics
35:01 Leather Archer Armor
36:23 Hand Cart
38:54 Imperial Age
38:58 Arbalester
39:42 Bracer
40:50 Chemistry
Connection lost

Rejoining the realm…

Still unreachable

The connection could not be restored.

Session expired

The server has moved on; the page needs a fresh start.